 Dungeon Crawl Stone Soup version 0.15-a0-1619-g29500c9 (webtiles) character file.

116195 Ololoev the Eclecticist (level 16, -23/100 HPs)
             Began as a Deep Elf Conjurer on June 11, 2014.
             Was the Champion of Vehumet.
             Killed from afar by Azrael (52 damage)
             ... with a blast of hellfire
             ... on Level 14 of the Dungeon on June 20, 2014.
             The game lasted 04:26:43 (33470 turns).

Ololoev the Eclecticist (Deep Elf Conjurer)        Turns: 33470, Time: 04:26:43

HP -23/100       AC 17     Str  6      XL: 16   Next: 20%
MP  18/42        EV 18     Int 32      God: Vehumet [******]
Gold 2528        SH  0     Dex 12      Spells: 11 memorised,  1 level left

rFire  . . .     SeeInvis .     i - +3 mace (protect)
rCold  + . .     Clarity  .     e - +1 leather armour {rC+}
rNeg   . . .     rCorr    .     (no shield)
rPois  .         rRot     .     m - +2 hat
rElec  .         Spirit   .     q - +0 cloak
SustAb .         Warding  .     F - +2 pair of gloves
rMut   .         Stasis   .     C - +1 pair of boots
Gourm  .                        (no amulet)
MR     ++...                    T - +4 ring of evasion
                                M - ring "Saipid" {MR+ Dex-3 Int+5}

@: delayed fireball, very resistant to hostile enchantments, unstealthy
A: no striking features
a: Renounce Religion, Release Delayed Fireball


You were on level 14 of the Dungeon.
You worshipped Vehumet.
Vehumet was exalted by your worship.
You were not hungry.

You visited 4 branches of the dungeon, and saw 27 of its levels.
You also visited: Sewer, Bailey and Ice Cave.

You collected 2946 gold pieces.
You spent 418 gold pieces at shops.

Inventory:

Hand weapons
 i - a +3 mace of protection (weapon)
Armour
 e - a +1 leather armour of cold resistance (worn)
 m - a +2 hat (worn)
 q - a +0 cloak (worn)
 C - a +1 pair of boots (worn)
 F - a +2 pair of gloves (worn)
 K - a +0 shield of cold resistance
Magical devices
 t - a wand of teleportation (9)
 u - a wand of heal wounds (2)
 N - a wand of digging (11)
Comestibles
 c - a rotting chunk of orc flesh
 g - a bread ration
Scrolls
 a - 4 scrolls of noise
 d - 8 scrolls of teleportation
 f - a scroll of blinking
 j - 8 scrolls of identify
 k - 3 scrolls of magic mapping
 l - a scroll of amnesia {unknown}
 o - 6 scrolls of remove curse
 s - a scroll of fog
 y - 4 scrolls of recharging
 z - 5 scrolls of fear
 I - a scroll of enchant armour
 S - a scroll of enchant weapon
Jewellery
 w - an uncursed ring of wizardry
 x - an uncursed ring of flight
 H - an uncursed ring of protection from cold
 M - the ring "Saipid" (left hand) {MR+ Dex-3 Int+5}
   (You found it on level 8 of the Dungeon)

   [ring of protection from magic]

   It affects your intelligence (+5).
   It affects your dexterity (-3).
   It affects your resistance to hostile enchantments.
 O - an uncursed ring of ice
 T - a +4 ring of evasion (right hand)
Potions
 b - 2 potions of resistance
 h - 5 potions of heal wounds
 p - 4 potions of curing
 r - 3 potions of restore abilities
 B - 2 potions of lignification
 G - a potion of magic


   Skills:
 - Level 11.1 Fighting
 - Level 10.0 Dodging
 - Level 2.4 Stealth
 + Level 19.4 Spellcasting
 + Level 12.6 Conjurations
 - Level 6.0 Charms
 - Level 12.0 Summonings
 + Level 12.6 Fire Magic


You had one spell level left.
You knew the following spells:

 Your Spells              Type           Power        Failure   Level  Hunger
a - Magic Dart            Conj           ####         0%          1    None
b - Searing Ray           Conj           ######       0%          2    None
c - Iskenderun's Battles  Conj/Chrm      ######..     1%          5    None
d - Iron Shot             Conj/Erth      ######....   4%          6    None
e - Inner Flame           Hex/Fire       ######..     1%          3    None
f - Delayed Fireball      Conj/Fire      N/A          1%          7    ###....
g - Bolt of Fire          Conj/Fire      #######...   1%          6    None
h - Summon Lightning Spi  Summ/Air       ######..     1%          4    None
i - Orb of Destruction    Conj           #######...   1%          7    ###....
j - Fulminant Prism       Conj/Hex       ######....   1%          4    None
k - Spellforged Servitor  Conj/Summ      #######...   2%          7    ###....


Dungeon Overview and Level Annotations

Branches:
Dungeon (14/15)            Temple (1/1) D:4             Orc (4/4) D:9
    Elf (0/3) Orc:3          Lair (8/8) D:11         Shoals (0/5) Lair:5
  Snake (0/5) Lair:6        Slime (0/6) Lair:6       Vaults (0/5) D:13

Altars:
Ashenzari
Cheibriados
Dithmenos
Elyvilon
Fedhas
Gozag
Kikubaaqudgha
Makhleb
Nemelex Xobeh
Okawaru
Qazlal
Sif Muna
Trog
Vehumet
Xom
Yredelemnul
Zin
The Shining One
Beogh
Jiyva
Lugonu

Shops:
D:6 *   D:12 ?   Orc:4 :?:%

Portals:
Hell: Lair:8

Annotations:
D:14 Azrael


Message History

Your battlesphere expends the last of its energy and dissipates.
Azrael throws fire at you. The sticky flame hits you!
You are covered in liquid flames!
You are covered in liquid flames!
You are covered in liquid flames!
Azrael throws hellfire at you.
The hellfire explodes!
The blast of hellfire engulfs you!
You are covered in liquid flames!
Azrael throws hellfire at you.
The hellfire explodes!
The blast of hellfire engulfs you!
* * * LOW HITPOINT WARNING * * *
The blast of hellfire engulfs the fire elemental.
The fire elemental completely resists.
The fire elemental misses you. Azrael throws hellfire at you.
The hellfire explodes!
The blast of hellfire engulfs the fire elemental.
The fire elemental completely resists.
The blast of hellfire engulfs you!
Ouch! That really hurt!
You die...

#....%.....#### #..
......§§§..§..## ##### #.#
..........R.§..###...## #.#
.............§..#..#*.# #.#
..............§.#.###.####.#
.....>.........§#.#
##..##.## ##
...............§#.# ##.....#
#. ...............E#.#
##....###.
...............@#*#
#.....##.
...............#..#
##......<
.................##
#......## ..............#..#
#..##### ...........####....
....## ####..#..###
##........ #.###.. #### ###
## ##.. #.


You could see Azrael and a fire elemental.

Vanquished Creatures
  Rupert (Lair:5)
  A dire elephant (Lair:8)
  An ettin (Orc:3)
  Snorg (Lair:6)
  3 vault guards (D:13)
  8 hydras
  Fannar (Lair:7)
  Harold (D:12)
  Nessos (D:11)
  Erica (D:12)
  20 death yaks
  8 orc high priests (Orc:4)
  Urug (D:12)
  A catoblepas (D:13)
  Nergalle (D:11)
  2 centaur warriors (D:12)
  4 skeletal warriors (D:11)
  An orb spider (shapeshifter) (D:12)
  3 unseen horrors
  3 ice statues
  The ghost of Yermak the Covert, an experienced SpEn of Zin (Lair:3)
  Pikel (D:9)
  4 orc knights
  3 hill giants
  2 manticores
  A hell beast (Lair:8)
  A wizard (Lair:8)
  A griffon (D:13)
  2 cyclopes
  26 elephants
  2 molten gargoyles (Lair:8)
  6 black mambas
  3 orange demons (Lair:8)
  3 gargoyles
  14 spiny frogs
  9 trolls
  A hellwing (Lair:8)
  An efreet (D:13)
  12 komodo dragons
  A centaur skeleton (D:13)
  3 blue devils (Lair:8)
  A fire drake (Lair:5)
  A red devil (Lair:8)
  6 polar bears
  Sonja (D:11)
  3 merfolk (Lair:5)
  23 blink frogs
  5 two-headed ogres
  A boulder beetle (Lair:8)
  5 slime creatures (D:13)
  3 basilisks
  5 deep elf magi
  A shadow (D:12)
  2 wraiths
  3 ugly things (D:13)
  A steam dragon (Lair:8)
  67 yaks
  13 hippogriffs
  A shark (Lair:5)
  3 fire elementals (D:14)
  Grum (Orc:3)
  3 wyverns
  A chaos spawn (Orc:4)
  2 vampire mosquitoes (D:13)
  A hill giant skeleton (D:12)
  2 soldier ants
  22 crocodiles
  6 nagas (Lair:6)
  19 wolves
  14 porcupines
  7 wargs (Orc:4)
  14 water moccasins
  A slave (D:9)
  16 orc warriors
  3 sky beasts
  3 black bears
  5 hell hounds
  A phantom (D:7)
  9 ogres
  9 ice beasts
  A yellow wasp (D:9)
  14 centaurs
  4 boring beetles
  A manticore skeleton (D:9)
  A necrophage (D:13)
  4 lava worms (Lair:8)
  A big kobold (shapeshifter) (D:13)
  4 big kobolds
  A brain worm (Lair:8)
  22 giant frogs
  A cyclops zombie (D:13)
  A komodo dragon skeleton (D:10)
  A water moccasin zombie (D:8)
  An eye of draining (D:11)
  6 scorpions
  9 killer bees
  A yak skeleton (D:8)
  An electric eel (D:10)
  4 wights (D:11)
  8 crimson imps
  A goliath beetle (D:8)
  38 orc priests
  A big fish (D:13)
  A basilisk zombie (D:11)
  An elf zombie (D:13)
  8 hounds
  3 jellies
  2 quasits
  30 orc wizards
  4 iguanas
  5 worker ants
  2 orange rats (D:5)
  9 sheep
  An ogre zombie (D:8)
  2 hound zombies
  2 mummies
  4 gnolls (D:7)
  36 adders
  52 green rats
  2 shadow imps
  2 giant mites
  6 worms
  3 orc zombies
  2 orc skeletons
  183 orcs
  A bat skeleton (D:4)
  6 giant cockroaches
  29 hobgoblins
  7 jackals
  28 kobolds
  9 quokkas
  5 ball pythons
  17 bats
  5 giant geckos
  A giant gecko skeleton (D:6)
  11 giant newts
  A giant spore (D:8)
  24 goblins
  A hobgoblin skeleton (D:9)
  59 rats
  4 ballistomycetes
  A bush (Lair:7)
  A fungus (Lair:7)
  2 plants
1142 creatures vanquished.

Vanquished Creatures (collateral kills)
  An elephant (Lair:8)
  A quasit (D:8)
  3 orcs (Bailey)
  A rat (D:8)
  2 plants
8 creatures vanquished.

Vanquished Creatures (others)
  A slave (D:9)
  27 fulminant prisms
  A giant frog (D:9)
  An eye of draining (D:9)
  A worker ant (D:13)
  A lightning spire (Bailey)
  A bat (D:9)
  A hobgoblin (D:9)
  4 giant spores
  14 fungi
  14 plants
66 creatures vanquished.

Grand Total: 1216 creatures vanquished

Notes
Turn   | Place    | Note
--------------------------------------------------------------
     0 | D:1      | Ololoev, the Deep Elf Conjurer, began the quest for the Orb.
     0 | D:1      | Reached XP level 1. HP: 10/10 MP: 5/5
   128 | D:1      | Upgraded the game from 0.15-a0-1403-g2cecdf4 to 0.15-a0-1537-ge1f089e
   371 | D:1      | Reached XP level 2. HP: 15/15 MP: 6/8
   442 | D:1      | Learned a level 2 spell: Searing Ray
  1176 | D:1      | Reached XP level 3. HP: 19/19 MP: 10/13
  1338 | D:2      | Reached skill level 5 in Spellcasting
  1409 | D:2      | Found a blossoming altar of Fedhas.
  1580 | D:2      | Reached XP level 4. HP: 24/24 MP: 11/18
  1636 | D:2      | Reached skill level 6 in Spellcasting
  2001 | D:2      | Reached skill level 5 in Conjurations
  2069 | D:2      | Found a shadowy altar of Dithmenos.
  2456 | D:3      | Reached XP level 5. HP: 28/28 MP: 17/20
  3111 | D:4      | Found a glowing drain.
  3118 | Sewer    | Entered a sewer
  3151 | Sewer    | Learned a level 5 spell: Iskenderun's Battlesphere
  3202 | Sewer    | Reached XP level 6. HP: 22/32 MP: 14/22
  3484 | Sewer    | Reached skill level 5 in Charms
  3752 | Sewer    | Upgraded the game from 0.15-a0-1537-ge1f089e to 0.15-a0-1549-gb42009b
  4113 | D:4      | Reached XP level 7. HP: 36/36 MP: 15/24
  4159 | D:4      | Found a staircase to the Ecumenical Temple.
  4168 | Temple   | Entered the Ecumenical Temple
  4199 | Temple   | Became a worshipper of Vehumet
  4472 | D:4      | Noticed an ogre
  4476 | D:4      | Killed an ogre
  4476 | D:4      | Reached skill level 7 in Spellcasting
  4573 | D:4      | Found an iron altar of Okawaru.
  4822 | D:5      | Entered Level 5 of the Dungeon
  4910 | D:5      | Reached skill level 8 in Conjurations
  5079 | D:5      | Acquired Vehumet's first power
  5079 | D:5      | Offered knowledge of Freeze by Vehumet.
  5086 | D:5      | Reached XP level 8. HP: 30/41 MP: 23/26
  5316 | D:5      | Offered knowledge of Throw Frost by Vehumet.
  5352 | D:5      | Found a blossoming altar of Fedhas.
  5359 | D:5      | Reached skill level 9 in Conjurations
  5985 | D:6      | Reached skill level 10 in Conjurations
  6159 | D:6      | Found a white marble altar of Elyvilon.
  6187 | D:6      | Found Jiczo's General Store.
  6190 | D:6      | Bought a scroll of noise for 12 gold pieces
  6190 | D:6      | Bought a scroll of identify for 24 gold pieces
  6190 | D:6      | Bought a potion of invisibility for 66 gold pieces
  6190 | D:6      | Bought a scroll of random uselessness for 12 gold pieces
  6388 | D:6      | Found a shattered altar of Ashenzari.
  6482 | D:6      | Reached skill level 11 in Conjurations
  6526 | D:6      | Learned a level 4 spell: Iskenderun's Mystic Blast
  6692 | D:7      | Reached XP level 9. HP: 28/45 MP: 15/28
  7104 | D:7      | Found a basalt altar of Yredelemnul.
  7178 | D:7      | Upgraded the game from 0.15-a0-1549-gb42009b to 0.15-a0-1569-gdbe329f
  7489 | D:8      | Got a transparent tin ring
  7874 | D:8      | Noticed a gargoyle
  7878 | D:8      | Killed a gargoyle
  7878 | D:8      | Reached skill level 5 in Dodging
  7916 | D:8      | Offered knowledge of Inner Flame by Vehumet.
  7921 | D:8      | Learned a level 3 spell: Inner Flame
  7956 | D:8      | Found a burning altar of Makhleb.
  7959 | D:8      | Found a shimmering altar of Xom.
  7960 | D:8      | Found an opulent altar of Gozag.
  7961 | D:8      | Found a bloodstained altar of Trog.
  8074 | D:8      | Identified the ring "Saipid" {MR+ Dex-3 Int+5} (You found it on level 8 of the Dungeon)
  8348 | D:9      | Found a stormy altar of Qazlal.
  8491 | D:9      | Reached skill level 12 in Conjurations
  8491 | D:9      | Reached skill level 1 in Fire Magic
  8494 | D:9      | Acquired Vehumet's second power
  8501 | D:9      | Reached XP level 10. HP: 50/50 MP: 9/30
  8727 | D:9      | Noticed Pikel
  8731 | D:9      | Killed Pikel
  8731 | D:9      | Reached skill level 5 in Fire Magic
  8952 | D:9      | Found a staircase to the Orcish Mines.
  9173 | D:10     | Entered Level 10 of the Dungeon
  9679 | D:10     | Offered knowledge of Sticky Flame by Vehumet.
  9900 | D:10     | Learned a level 7 spell: Delayed Fireball
 10165 | D:10     | Killed an unseen horror
 10600 | D:10     | Reached skill level 10 in Spellcasting
 10600 | D:10     | Reached XP level 11. HP: 54/54 MP: 22/32
 10608 | D:10     | Learned a level 6 spell: Bolt of Fire
 10626 | D:11     | Acquired Vehumet's third power
 10661 | D:11     | Offered knowledge of Lee's Rapid Deconstruction by Vehumet.
 10663 | D:11     | Reached skill level 10 in Fire Magic
 10738 | D:11     | Noticed a hill giant
 10744 | D:11     | Killed a hill giant
 10824 | D:11     | Noticed Nessos
 10987 | D:11     | Noticed Sonja
 10988 | D:11     | Killed Sonja
 11029 | D:11     | Found a frozen archway.
 11029 | D:11     | Noticed an ice statue
 11137 | D:11     | Killed an ice statue
 11177 | IceCv    | Entered an ice cave
 11367 | IceCv    | Noticed an ice statue
 11367 | IceCv    | Noticed an ice statue
 11370 | IceCv    | Killed an ice statue
 11375 | IceCv    | Killed an ice statue
 11561 | D:11     | Found a staircase to the Lair.
 11600 | Lair:1   | Entered Level 1 of the Lair of Beasts
 11792 | D:11     | Killed Nessos
 11946 | D:11     | Killed an unseen horror
 12002 | D:11     | Upgraded the game from 0.15-a0-1569-gdbe329f to 0.15-a0-1579-gd26fec2
 12114 | D:11     | Noticed a skeletal warrior
 12114 | D:11     | Noticed a skeletal warrior
 12115 | D:11     | Noticed a skeletal warrior
 12119 | D:11     | Noticed a skeletal warrior
 12119 | D:11     | Killed a skeletal warrior
 12120 | D:11     | Killed a skeletal warrior
 12120 | D:11     | Reached skill level 13 in Spellcasting
 12120 | D:11     | Reached XP level 12. HP: 59/59 MP: 19/35
 12124 | D:11     | Killed a skeletal warrior
 12141 | D:11     | Killed a skeletal warrior
 12404 | D:11     | Noticed Nergalle
 12407 | D:11     | Killed Nergalle
 12407 | D:11     | Reached skill level 14 in Spellcasting
 12869 | D:12     | Offered knowledge of Force Lance by Vehumet.
 12935 | D:12     | Noticed Erica
 12939 | D:12     | Killed Erica
 13018 | D:12     | Noticed Harold
 13020 | D:12     | Reached skill level 15 in Spellcasting
 13021 | D:12     | Killed Harold
 13207 | D:12     | Found Moasaal's Magic Scroll Boutique.
 13233 | D:12     | Noticed Urug
 13237 | D:12     | Killed Urug
 13237 | D:12     | Reached skill level 16 in Spellcasting
 13286 | D:12     | Bought a scroll of identify for 32 gold pieces
 13286 | D:12     | Bought a scroll of identify for 32 gold pieces
 13286 | D:12     | Bought a scroll of identify for 32 gold pieces
 13286 | D:12     | Bought a scroll of identify for 32 gold pieces
 13286 | D:12     | Bought a scroll of identify for 32 gold pieces
 13286 | D:12     | Bought a scroll of identify for 32 gold pieces
 13287 | D:12     | Bought a scroll of fear for 56 gold pieces
 13287 | D:12     | Bought a scroll of fear for 56 gold pieces
 13718 | D:12     | Noticed a five-headed hydra
 13718 | D:12     | Reached skill level 17 in Spellcasting
 13723 | D:12     | Killed a five-headed hydra
 13723 | D:12     | Reached skill level 1 in Fighting
 13955 | D:12     | Reached XP level 13. HP: 67/67 MP: 23/38
 14902 | D:13     | Found a gate to the Vaults.
 15246 | D:13     | Found a flagged portal.
 15262 | Bailey   | Entered a bailey
 15363 | Bailey   | Learned a level 4 spell: Summon Lightning Spire
 15595 | Bailey   | Reached skill level 1 in Summonings
 15613 | Bailey   | Reached skill level 5 in Fighting
 16630 | Lair:1   | Upgraded the game from 0.15-a0-1579-gd26fec2 to 0.15-a0-1619-g29500c9
 16800 | Lair:1   | Offered knowledge of Orb of Destruction by Vehumet.
 16809 | Lair:1   | Learned a level 7 spell: Orb of Destruction
 16814 | Lair:1   | Learned a level 4 spell: Fulminant Prism
 17587 | Lair:2   | Reached skill level 10 in Dodging
 19221 | Lair:3   | Noticed Yermak's ghost (experienced SpEn)
 19222 | Lair:3   | Killed Yermak's ghost
 19243 | Lair:3   | Reached XP level 14. HP: 82/84 MP: 11/39
 21286 | Lair:5   | Noticed Rupert
 21289 | Lair:5   | Killed Rupert
 21289 | Lair:5   | Reached skill level 10 in Fighting
 21863 | Lair:5   | Found a staircase to the Shoals.
 23074 | Lair:6   | Offered knowledge of Spellforged Servitor by Vehumet.
 23111 | Lair:6   | Noticed Snorg
 23114 | Lair:6   | Killed Snorg
 23386 | Lair:6   | Found a staircase to the Snake Pit.
 23500 | Lair:6   | Found a viscous altar of Jiyva.
 23501 | Lair:6   | Found a staircase to the Slime Pits.
 23864 | Lair:7   | Reached skill level 18 in Spellcasting
 23893 | Lair:7   | Noticed Fannar
 23894 | Lair:7   | Killed Fannar
 24464 | Lair:7   | Reached XP level 15. HP: 94/94 MP: 36/41
 24507 | Lair:7   | Learned a level 7 spell: Spellforged Servitor
 24684 | Lair:7   | Reached skill level 19 in Spellcasting
 24869 | Lair:7   | Offered knowledge of Venom Bolt by Vehumet.
 25248 | Lair:7   | Reached skill level 5 in Summonings
 25424 | Lair:8   | Entered Level 8 of the Lair of Beasts
 26779 | Lair:8   | Offered knowledge of Iron Shot by Vehumet.
 26779 | Lair:8   | Reached skill level 10 in Summonings
 28551 | Lair:8   | Found a burning altar of Makhleb.
 28556 | Lair:8   | Found a gateway to Hell.
 28565 | Lair:8   | Identified Sif Muna's Tome of Captivating Boosts
 29307 | Lair:1   | Learned a level 6 spell: Iron Shot
 29413 | Orc:1    | Entered Level 1 of the Orcish Mines
 30076 | Orc:2    | Found a burning altar of Makhleb.
 30084 | Orc:2    | Offered knowledge of Conjure Ball Lightning by Vehumet.
 30650 | Orc:3    | Noticed Grum
 30651 | Orc:3    | Killed Grum
 30654 | Orc:3    | Found a staircase to the Elven Halls.
 31295 | Orc:3    | Reached XP level 16. HP: 100/100 MP: 24/42
 31488 | Orc:4    | Entered Level 4 of the Orcish Mines
 31848 | Orc:4    | Offered knowledge of Poisonous Cloud by Vehumet.
 31850 | Orc:4    | Found Fofo's Magic Scroll Boutique.
 31850 | Orc:4    | Found Mnimur's Book Shoppe.
 31880 | Orc:4    | Found a roughly hewn altar of Beogh.
 32294 | Orc:4    | Found Jaym Soa's Food Boutique.
 32294 | Orc:4    | Found Zycu Nuh's Book Shoppe.
 33460 | D:14     | Noticed Azrael
 33470 | D:14     | Killed from afar by Azrael

Action                   |  1- 3 |  4- 6 |  7- 9 | 10-12 | 13-15 | 16-18 || total
-------------------------+-------+-------+-------+-------+-------+-------++-------
Melee: Mace              |       |    10 |     3 |     5 |     2 |       ||    20
 Cast: Magic Dart        |    58 |   127 |   190 |   160 |   599 |   113 ||  1247
       Searing Ray       |     5 |    31 |    43 |    33 |    74 |     4 ||   190
       Iskenderun's Batt |       |       |    20 |    74 |   230 |    31 ||   355
       Iskenderun's Myst |       |       |    12 |    27 |     9 |       ||    48
       Inner Flame       |       |       |     1 |     2 |       |       ||     3
       Delayed Fireball  |       |       |       |    19 |    33 |     3 ||    55
       Bolt of Fire      |       |       |       |    36 |   175 |    25 ||   236
       Summon Lightning  |       |       |       |       |     6 |       ||     6
       Fulminant Prism   |       |       |       |       |    27 |       ||    27
       Orb of Destructio |       |       |       |       |    11 |       ||    11
       Spellforged Servi |       |       |       |       |     3 |       ||     3
       Iron Shot         |       |       |       |       |       |     6 ||     6
 Abil: Release Delayed F |       |       |       |    19 |    31 |     3 ||    53
       Evoke Flight      |       |       |       |       |     1 |       ||     1
Evoke: Wand              |       |       |     4 |     7 |    10 |       ||    21
  Use: Potion            |       |     2 |     1 |    10 |     4 |       ||    17
       Scroll            |       |       |    14 |    18 |    11 |       ||    43
